 Dungeon Crawl Stone Soup version 0.24.0-37-gcf1ca852f1 (webtiles) character file.

Game seed: 7488941332244207227, levelgen mode: deterministic

2296 Delamore the Severer (level 9, -2/70 HPs)
             Began as a Hill Orc Fighter on Dec 2, 2019.
             Was an Initiate of Okawaru.
             Slain by Harold
             ... wielding a +1 dire flail of crushing
              (3 damage)
             ... on level 7 of the Dungeon.
             The game lasted 00:11:00 (8024 turns).

Delamore the Severer (Hill Orc Fighter)             Turns: 8024, Time: 00:11:01

Health: -2/70      AC: 13    Str: 22    XL:     9   Next: 40%
Magic:  9/9        EV:  7    Int:  8    God:    Okawaru [......]
Gold:   394        SH: 10    Dex: 15    Spells: 8/8 levels left

rFire    + . .     SeeInvis .   G - +6 whip "Faefuh" {freeze, rF+ rN+}
rCold    + . .     Gourm    .   c - +0 shield
rNeg     + . .     Faith    .   b - +0 scale mail
rPois    .         Spirit   .   F - +0 helmet of Mikkis {MR+ Str+2 Dex+3}
rElec    .         Reflect  .   v - +2 cloak {MR+}
rCorr    .         Harm     .   g - +0 pair of gloves
MR       ++...                  x - +0 pair of boots
Stlth    ..........             (no amulet)
HPRegen  0.21/turn              r - +4 ring of slaying
MPRegen  0.11/turn              E - ring of protection from cold

@: no status effects
A: no striking features
a: Renounce Religion


You were on level 7 of the Dungeon.
You worshipped Okawaru.
Okawaru was noncommittal.
You were hungry.

You visited 2 branches of the dungeon, and saw 8 of its levels.
You also visited: Sewer.

You collected 554 gold pieces.
You spent 160 gold pieces at shops.

Inventory:

Hand Weapons
 a - a +1 war axe
 G - the +6 whip "Faefuh" (weapon) {freeze, rF+ rN+}
   (You found it on level 5 of the Dungeon)

   It has been specially enchanted to freeze those struck by it, causing extra
   injury to most foes and up to half again as much damage against particularly
   susceptible opponents.
   It can also slow down cold-blooded creatures.
   It protects you from fire.
   It protects you from negative energy.
Missiles
 A - 6 datura-tipped darts (quivered)
Armour
 b - a +0 scale mail (worn)
 c - a +0 shield (worn)
 g - a +0 pair of gloves (worn)
 v - a +2 cloak of magic resistance (worn)
 x - a +0 pair of boots (worn)
 F - the +0 helmet of Mikkis (worn) {MR+ Str+2 Dex+3}
   (You found it on level 5 of the Dungeon)

   It affects your strength (+2).
   It affects your dexterity (+3).
   It affects your resistance to hostile enchantments.
Jewellery
 r - a +4 ring of slaying (left hand)
 w - an uncursed ring of protection from fire
 E - a ring of protection from cold (right hand)
Wands
 y - a wand of random effects (15)
 H - a wand of iceblast (5)
Scrolls
 h - a scroll of blinking
 i - 4 scrolls of identify
 o - 5 scrolls of teleportation
 p - a scroll of enchant armour
 q - 3 scrolls of enchant weapon
 s - a scroll of amnesia
 C - a scroll of magic mapping
 D - a scroll of vulnerability {unknown}
Potions
 d - 3 potions of might
 e - 5 potions of curing
 j - a potion of brilliance
 k - a potion of invisibility
 l - 2 potions of ambrosia
 m - 3 potions of agility
 n - a potion of berserk rage
 t - 3 potions of flight
 z - 2 potions of heal wounds
 B - 4 potions of degeneration
Comestibles
 f - 14 rations


   Skills:
 - Level 3.6 Fighting
 + Level 15.2 Axes
 - Level 3.2 Armour
 - Level 3.2 Shields


You had 8 spell levels left.
You didn't know any spells.
Your spell library contained the following spells:

 Spells                   Type           Power        Failure   Level  Hunger
 Animate Skeleton         Necr           N/A          99%         1    ##.....
 Apportation              Tloc           #.....       99%         1    ##.....
 Confusing Touch          Hex            #.....       99%         1    ##.....
 Magic Dart               Conj           #...         99%         1    ##.....
 Summon Small Mammal      Summ           #...         99%         1    ##.....
 Searing Ray              Conj           #.....       100%        2    ###....
 Dazzling Spray           Conj/Hex       #.....       100%        3    ####...
 Force Lance              Conj/Tloc      #.......     100%        4    #####..
 Fulminant Prism          Conj/Hex       #.........   100%        4    #####..
 Iskenderun's Mystic Bla  Conj           #.......     100%        4    #####..


Dungeon Overview and Level Annotations

Branches:
Dungeon (7/15)             Temple (1/1) D:6           Sewer (visited)

Altars:
Ashenzari
Cheibriados
Dithmenos
Elyvilon
Fedhas
Hepliaklqana
Makhleb
Nemelex Xobeh
Okawaru
Qazlal
Ru
Sif Muna
Trog
Uskayaw
Vehumet
Wu Jian
Xom
Yredelemnul
Zin
The Shining One

Shops:
D:7 !

Annotations:
D:6 2 transporters, dasteron's ghost, novice TrMo
D:7 Harold


Message History

You feel sick.
You are no longer poisoned.
Harold hits you with a +1 dire flail of crushing.
* * * LOW HITPOINT WARNING * * *
x2 You hit Harold but do no damage.
Harold is severely wounded.
Harold hits you but does no damage.
You hit Harold. You freeze Harold.
Harold is severely wounded.
You hit Harold. You freeze Harold.
Harold is severely wounded.
You block Harold's attack.
You hit Harold. You freeze Harold.
Harold is severely wounded.
Harold hits you with a +1 dire flail of crushing!
* * * LOW HITPOINT WARNING * * *
x2 You feel much better.
Harold hits you with a +1 dire flail of crushing!
* * * LOW HITPOINT WARNING * * *
You die...

###########
#.@.......#
#@#######.#########
#. #....†..... #.
########### ..
.....>.. ##
########


You could see Harold.

Vanquished Creatures
  A hippogriff (D:7)
  Eustachio (D:5)
  An orc warrior (D:7)
  2 sky beasts (D:6)
  A phantom (D:5)
  3 ogres
  A wyvern zombie (D:5)
  A scorpion (D:6)
  2 howler monkeys
  A crimson imp (D:6)
  A quasit (D:7)
  5 orc priests
  A centaur zombie (D:7)
  6 hounds
  4 orc wizards
  Crazy Yiuf (D:3)
  Jessica (D:3)
  A bullfrog skeleton (D:7)
  Natasha (thrice) (D:3)
  6 worker ants
  A killer bee zombie (D:7)
  A hound skeleton (D:5)
  12 adders
  A shadow imp (D:7)
  2 oozes (Sewer)
  An adder skeleton (D:7)
  4 worms (D:3)
  3 dart slugs
  9 leopard geckos
  17 orcs
  3 ball pythons
  19 bats
  11 giant cockroaches
  4 goblins
  4 hobgoblins
  19 jackals
  9 kobolds
  4 quokkas
  8 frilled lizards
  A giant cockroach zombie (D:3)
  A leopard gecko zombie (D:5)
  A quokka skeleton (D:2)
  14 rats
192 creatures vanquished.

Notes
Turn   | Place    | Note
-------+----------+-------------------------------------------
     0 | D:1      | Delamore the Hill Orc Fighter began the quest for the Orb.
     0 | D:1      | Reached XP level 1. HP: 19/19 MP: 1/1
    26 | D:1      | Reached skill level 3 in Axes
    75 | D:1      | Reached XP level 2. HP: 26/26 MP: 2/2
   160 | D:1      | Reached skill level 4 in Axes
   266 | D:1      | Reached XP level 3. HP: 31/31 MP: 3/3
   668 | D:2      | Reached skill level 5 in Axes
   761 | D:2      | HP: 1/31 [adder (1)]
   765 | D:2      | Reached XP level 4. HP: 13/39 MP: 4/4
  1168 | D:2      | Found a hide-covered altar of Uskayaw.
  1174 | D:2      | Reached skill level 6 in Axes
  1756 | D:3      | Found a glowing drain.
  1765 | D:3      | Reached XP level 5. HP: 36/45 MP: 5/5
  1774 | Sewer    | Entered a sewer
  2011 | Sewer    | Reached skill level 7 in Axes
  2445 | D:3      | Noticed Jessica
  2450 | D:3      | Killed Jessica
  2467 | D:3      | Found a shattered altar of Ashenzari.
  2546 | D:3      | Noticed Natasha
  2554 | D:3      | Killed Natasha
  2584 | D:3      | Reached skill level 8 in Axes
  2584 | D:3      | Reached XP level 6. HP: 47/51 MP: 6/6
  2806 | D:3      | Found a runed translucent door.
  2807 | D:3      | Noticed Crazy Yiuf
  2816 | D:3      | Killed Crazy Yiuf
  3242 | D:3      | Reached skill level 9 in Axes
  3576 | D:3      | Noticed Natasha
  3586 | D:3      | Killed Natasha
  3777 | D:3      | Noticed Natasha
  3785 | D:3      | Killed Natasha
  3814 | D:4      | Reached XP level 7. HP: 57/57 MP: 7/7
  4163 | D:4      | Reached skill level 10 in Axes
  4781 | D:5      | Entered Level 5 of the Dungeon
  4808 | D:5      | Found a glowing silver altar of Zin.
  4808 | D:5      | Found a shadowy altar of Dithmenos.
  4808 | D:5      | Found a snail-covered altar of Cheibriados.
  4808 | D:5      | Found a blossoming altar of Fedhas.
  4808 | D:5      | Found a stormy altar of Qazlal.
  4808 | D:5      | Found a burning altar of Makhleb.
  4813 | D:5      | Found an ornate altar of the Wu Jian Council.
  4832 | D:5      | Noticed Eustachio
  4843 | D:5      | Killed Eustachio
  4843 | D:5      | Reached skill level 11 in Axes
  5047 | D:5      | Reached XP level 8. HP: 40/64 MP: 8/8
  5403 | D:5      | Found a white marble altar of Elyvilon.
  5429 | D:5      | Got a shimmering helmet
  5435 | D:5      | Identified the cursed +0 helmet of Mikkis {MR+ Str+2 Dex+3}
                  | (You found it on level 5 of the Dungeon)
  5500 | D:5      | Reached skill level 12 in Axes
  5866 | D:5      | Got a translucent whip
  5867 | D:5      | Identified the +6 whip "Faefuh" {freeze, rF+ rN+} (You
                  | found it on level 5 of the Dungeon)
  6176 | D:6      | Reached skill level 13 in Axes
  6555 | D:6      | Found a staircase to the Ecumenical Temple.
  6571 | Temple   | Entered the Ecumenical Temple
  6788 | Temple   | Became a worshipper of Warmaster Okawaru
  6940 | D:6      | Reached XP level 9. HP: 70/70 MP: 9/9
  6950 | D:6      | Reached skill level 14 in Axes
  7109 | D:6      | Found a transporter.
  7110 | D:6      | Noticed dasteron's ghost (novice TrMo)
  7111 | D:6      | Identified the cursed +3 great mace of Attang {antimagic,
                  | rN+ Str+2}
  7111 | D:6      | Noticed a two-headed ogre
  7117 | D:6      | Found a transporter.
  7350 | D:7      | Found Seidurhe's Distillery.
  7363 | D:7      | Bought a potion of heal wounds for 80 gold pieces
  7363 | D:7      | Bought a potion of berserk rage for 80 gold pieces
  7399 | D:7      | Found a shimmering blue altar of Sif Muna.
  7739 | D:7      | Reached skill level 15 in Axes
  8009 | D:7      | Noticed Harold
  8024 | D:7      | HP: 1/70 [Harold/+1 dire flail of crushing (17)]
  8024 | D:7      | Slain by Harold

Levels and vault maps discovered:
D:1:      dpeg_arrival_rhombus, layout_rooms
D:2:      layout_loops_corners, overflow_temple_1_default, minmay_joined_circles
D:3:      minmay_door_path, layout_basic, lemuel_doored_altar,
          gup_sewer_entry_bubbles, feat_on_display, uniq_jessica,
          uniq_crazy_yiuf_cottage, uniq_natasha
D:4:      layout_basic, first_ration, kennysheep_cross_bottleneck
D:5:      layout_basic, lemuel_coloured_pillars_altar,
          grunt_temple_overflow_open, minmay_checkerbox, uniq_eustachio
D:6:      layout_loops_ring, minmay_temple_entry_statues_pillars,
          gammafunk_ghost_smash
D:7:      layout_basic, serial_shops,
          nicolae_shop_temple_entry_statues_fountains, basic_altar,
          kennysheep_generic_room_14, uniq_harold
Temple:   jpeg_temple_alley_garden

Skill      XL: |  1  2  3  4  5  6  7  8  9 |
---------------+----------------------------+-----
Axes           | 3 4 5 6 8 9 11 13 15 | 15.2
Fighting       | |  3.6
Armour         | |  3.2
Shields        | |  3.2

Action                   |  1- 3 |  4- 6 |  7- 9 || total
-------------------------+-------+-------+-------++-------
Melee: War axe           |    95 |   246 |   135 ||   476
       Whip              |       |       |   152 ||   152
  Use: Potion            |     2 |       |     1 ||     3
       Scroll            |       |     3 |    13 ||    16
  Eat: Chunk             |       |    10 |    13 ||    23
Armor: Scale mail        |    59 |   156 |   109 ||   324
Dodge: Dodged            |    32 |    93 |    46 ||   171
Block: Shield            |    56 |   149 |    89 ||   294
